 Dungeon Crawl Stone Soup version 0.30-a0-715-gdb4ae3ece1 (webtiles) character file.

Game seed: 7810351051046085905

88 Azfaa the Sneak (level 4, -1/27 HPs)
             Began as a Kobold Brigand on Jan 23, 2023.
             Killed from afar by Natasha (8 damage)
             ... with a magic dart
             ... on level 3 of the Dungeon.
             The game lasted 00:10:14 (1506 turns).

Azfaa the Sneak (Kobold Brigand)                    Turns: 1506, Time: 00:10:14

Health: -1/27      AC:  6    Str:  8    XL:     4   Next: 81%
Magic:  4/4        EV: 14    Int: 12    God:
Gold:   109        SH:  0    Dex: 18    Spells: 3/3 levels left

rFire   . . .      SeeInvis .    w - +0 rapier
rCold   . . .      Faith    .    (no shield)
rNeg    . . .      Spirit   .    l - +1 leather armour
rPois   .          Reflect  .    (no helmet)
rElec   .          Harm     .    c - +0 cloak
rCorr   .          Rampage  .    r - +0 pair of gloves
Will    .....                    (no boots)
Stlth   ++++                     (no amulet)
HPRegen 0.24/turn                (no ring)
MPRegen 0.09/turn                (no ring)

@: no status effects
A: small, no large weapons, nightstalker 3
a: no special abilities


You were on level 3 of the Dungeon.
You visited 1 branch of the dungeon, and saw 3 of its levels.

You collected 109 gold pieces.

Inventory:

Hand Weapons
 a - a +2 dagger
 g - a +0 short sword
 h - a +0 club
 k - a +0 mace
 m - a +0 hand axe
 n - a +0 dagger
 o - a +0 dagger
 q - a +0 dagger
 v - a +0 dagger
 w - a +0 rapier (weapon)
Missiles
 d - 14 poisoned darts
 e - 3 curare-tipped darts
 j - 4 stones (quivered)
Armour
 b - a +0 robe
 c - a +0 cloak (worn)
 f - a +0 chain mail
 i - a +0 robe
 l - a +1 leather armour (worn)
 r - a +0 pair of gloves (worn)
 s - a +0 scale mail
 u - a +0 robe
 x - a +0 ring mail
 y - a +0 robe
Wands
 A - a wand of flame (19)
Potions
 t - 2 potions of degeneration
 z - a potion of attraction


   Skills:
 + Level 2.4 Fighting
 + Level 3.7 Short Blades
 + Level 2.4 Throwing
 + Level 0.2 Armour
 + Level 2.2 Dodging
 + Level 6.6 Stealth


You had 3 spell levels left.
You didn't know any spells.
Your spell library was empty.

Dungeon Overview and Level Annotations

Branches:
Dungeon (3/15)

Altars:
Dithmenos

Annotations:
D:3 Ijyb, Natasha


Innate Abilities, Weirdness & Mutations

You are small and have problems with some larger weapons.
You are completely attuned to the shadows.


Message History

Natasha claws you but does no damage.
Natasha mumbles some strange words.
The iron imp shouts!
You hit the iron imp but do no damage. The iron imp closely misses you.
Natasha closely misses you.
The iron imp lashes its tail.
Aiming: Throw Flame
Press: ? - help, Q - select action, (/) - cycle Shift-Dir - straight line, f/p - Natasha
Aim: Natasha (60% to hit)
The puff of flame hits Natasha.
Natasha is lightly wounded.
Natasha casts a spell.
The iron imp hits you but does no damage.
You flicker for a moment.
Ijyb shouts!
You hit Natasha but do no damage.
Natasha is lightly wounded.
Natasha hisses.
Natasha barely misses you.
You barely miss Natasha.
Natasha is lightly wounded.
Natasha barely misses you.
You completely miss Natasha.
Natasha is lightly wounded.
Natasha closely misses you.
You puncture Natasha!
Natasha is severely wounded.
You flicker back into view.
Natasha claws you.
* * * LOW HITPOINT WARNING * * *
The crimson imp blinks!
Natasha completely misses you.
The crimson imp attacks as you move away!
The crimson imp barely misses you. Natasha attacks as you move away!
Natasha closely misses you. The crimson imp barely misses you.
The iron imp disappears in a puff of smoke!
Natasha stares at you and mumbles some strange words.
The magic dart hits you!
You die...

#.# #.# #.# #.# #.# #...# #.#
#...# #.# #...# ###### #.#
#...##########....#### ..#
#......@.§h..........### #.#
#†..#....5.............. #.#
#...#................... #.##
#...#...................
#..#######...#...................
........##...#...................
#....##.####.#...................
...#.....###.#.............##.###
##...............................


You could see Natasha and a crimson imp (summoned).

Vanquished Creatures
  2 adders (D:3)
  3 dart slugs
  2 worms (D:3)
  An orc (D:3)
  8 bats
  4 endoplasms
  2 giant cockroaches
  8 goblins
  3 hobgoblins
  2 quokkas
  10 ball pythons
  5 frilled lizards
  2 kobolds (D:1)
  3 rats
55 creatures vanquished.

Vanquished Creatures (others)
  A ball python (D:3)
  A quokka (D:3)
  3 fungi (D:1)
  A plant (D:1)
6 creatures vanquished.

Grand Total: 61 creatures vanquished

Notes
Turn   | Place    | Note
-------+----------+-------------------------------------------
     0 | D:1      | Azfaa the Kobold Brigand began the quest for the Orb.
     0 | D:1      | Reached XP level 1. HP: 12/12 MP: 1/1
   123 | D:1      | Reached XP level 2. HP: 14/17 MP: 2/2
   217 | D:1      | Found a faded altar of an unknown god.
   279 | D:1      | Reached skill level 6 in Stealth
   310 | D:1      | Reached XP level 3. HP: 14/21 MP: 3/3
   988 | D:3      | Reached XP level 4. HP: 26/26 MP: 4/4
  1255 | D:3      | Found a shadowy altar of Dithmenos.
  1462 | D:3      | Noticed Ijyb
  1464 | D:3      | Noticed Natasha
  1506 | D:3      | Killed from afar by Natasha

Illustrated notes

Levels and vault maps discovered:
D:1:      minmay_arrival_doors, layout_rooms,
          shapermc_ecumenical_altar_hornbeckon
D:2:      kb_forest_paths, layout_loops_ring, st_stairs_12, minmay_pentomino_r2
D:3:      layout_basic, general_overflow_altar, uniq_natasha, uniq_ijyb

Skill      XL: |  1  2  3 |
---------------+----------+-----
Stealth        | 6 |  6.6
Short Blades   | 3 |  3.7
Dodging        | 2 |  2.2
Fighting       | |  2.4
Throwing       | |  2.4
Armour         | |  0.2

Action                     |  1- 3 |  4- 6 || total
---------------------------+-------+-------++-------
  Melee: Dagger            |    98 |     1 ||    99
         Punch             |     1 |       ||     1
         Rapier            |       |    40 ||    40
  Throw: Stone             |     7 |       ||     7
         Dart              |     1 |       ||     1
  Evoke: Wand              |       |     2 ||     2
    Use: Potion            |     1 |     5 ||     6
         Scroll            |     4 |     1 ||     5
   Stab: Sleeping          |    14 |     5 ||    19
         Distracted        |     1 |       ||     1
 Armour: Robe              |    16 |       ||    16
         Leather armour    |     7 |    10 ||    17
  Dodge: Dodged            |    81 |    50 ||   131

Table legend: (Time is in decaauts)
 A = Elapsed time spent in this place.
 B = Non-inter-level travel time spent in this place.
 C = Inter-level travel time spent in this place.
 D = Time resting spent in this place.
 E = Time spent auto-exploring this place.
 F = Levels seen in this place.
 G = Mean time per level.
                   A        B        C        D        E       F      G
               +--------+--------+--------+--------+--------+-----+--------+
         Total |   1491 |   1491 |      0 |    139 |      6 |   3 |  497.0 |
       Dungeon |   1491 |   1491 |      0 |    139 |      6 |   3 |  497.0 |
               +--------+--------+--------+--------+--------+-----+--------+

Top non-repeatable levels by time:
     D:3: 673 daAuts
     D:1: 626 daAuts
     D:2: 191 daAuts
